1919 views
Uploaded 2023-07-07 23:58:20
Game version 1.36 (6115)
29:15 long 4on4 ladder game on (8)GolemsInTheMist_LV
Saved by DKnight
1919 views
Uploaded 2023-07-07 23:58:20
Game version 1.36 (6115)
29:15 long 4on4 ladder game on (8)GolemsInTheMist_LV


184 units @ 29.1k
/ 5.2k
95 buildings @ 14.6k
/ 6.4k

| Lesser Clarity Potion | 2 | 140 |
| total: | 2 | 140g |
| Peon | 15 | 1125 | / | 0 |
| Wind Rider | 15 | 3975 | / | 600 |
| total: | 30 | 5100g | / | 600w |
| Watch Tower | 23 | 2530 | / | 1840 |
| War Mill | 1 | 205 | / | 0 |
| Orc Burrow | 8 | 1280 | / | 320 |
| Altar of Storms | 1 | 180 | / | 50 |
| Voodoo Lounge | 1 | 130 | / | 30 |
| Great Hall | 1 | 385 | / | 185 |
| Beastiary | 2 | 290 | / | 280 |
| Stronghold | 1 | 315 | / | 190 |
| Fortress | 1 | 325 | / | 190 |
| total: | 37 | 5000g | / | 2705w |
| 0:03 | Peon |
| 0:05 | Peon |
| 0:11 | War Mill |
| 0:17 | Orc Burrow |
| 0:22 | Peon |
| 0:36 | Peon |
| 0:44 | Peon |
| 1:07 | Peon |
| 1:11 | Altar of Storms |
| 1:39 | Watch Tower |
| 1:43 | Peon |
| 1:44 | Peon |
| 2:10 | Orc Burrow |
| 2:19 | Peon |
| 2:34 | Watch Tower |
| 2:39 | Watch Tower |
| 2:52 | Watch Tower |
| 2:59 | Peon |
| 3:13 | Feral Spirit |
| 3:20 | Peon |
| 3:26 | Watch Tower |
| 3:36 | Watch Tower |
| 3:54 | Watch Tower |
| 4:30 | Watch Tower |
| 4:34 | Watch Tower |
| 4:43 | Watch Tower |
| 5:00 | Orc Burrow |
| 5:33 | Watch Tower |
| 5:37 | Watch Tower |
| 6:07 | Watch Tower |
| 6:25 | Watch Tower |
| 6:42 | Watch Tower |
| 6:51 | Watch Tower |
| 7:03 | Peon |
| 7:04 | Peon |
| 7:09 | Watch Tower |
| 7:35 | Peon |
| 7:35 | Peon |
| 7:42 | Watch Tower |
| 7:46 | Watch Tower |
| 8:17 | Watch Tower |
| 8:19 | Watch Tower |
| 8:22 | Stronghold |
| 9:12 | Watch Tower |
| 9:15 | Watch Tower |
| 10:54 | Beastiary |
| 10:59 | Beastiary |
| 11:02 | Orc Burrow |
| 11:04 | Orc Burrow |
| 11:52 | Orc Burrow |
| 11:55 | Chain Lighting |
| 12:09 | Voodoo Lounge |
| 12:21 | Orc Burrow |
| 12:25 | Fortress |
| 12:54 | Wind Rider |
| 12:54 | Wind Rider |
| 12:56 | Wind Rider |
| 12:56 | Wind Rider |
| 13:38 | Lesser Clarity Potion |
| 13:42 | Wind Rider |
| 13:55 | Wind Rider |
| 14:39 | Wind Rider |
| 14:45 | Orc Burrow |
| 15:45 | Feral Spirit |
| 16:17 | Wind Rider |
| 16:19 | Envenomed Spears |
| 16:19 | Wind Rider |
| 17:00 | Wind Rider |
| 17:28 | Wind Rider |
| 18:13 | Lesser Clarity Potion |
| 18:24 | Wind Rider |
| 19:28 | Wind Rider |
| 20:01 | Wind Rider |
| 21:05 | Chain Lighting |
| 21:32 | Wind Rider |
| 25:12 | Great Hall |
| Right click | 933 |
| Select | 373 |
| Build/train/purchase | 69 |
| Use ability | 9 |
| Remove unit | 7 |
| Minimap ping | 7 |
| Chat | 4 |

| Healing Salve | 7 | 700 |
| Scroll of Town Portal | 3 | 1050 |
| total: | 10 | 1750g |
| Peon | 8 | 600 | / | 0 |
| Grunt | 3 | 600 | / | 0 |
| Troll Witch Doctor | 3 | 435 | / | 75 |
| Raider | 4 | 720 | / | 160 |
| Troll Batrider | 8 | 1280 | / | 320 |
| Goblin Sapper | 6 | 1290 | / | 600 |
| total: | 32 | 4925g | / | 1155w |
| Watch Tower | 1 | 110 | / | 80 |
| Altar of Storms | 1 | 180 | / | 50 |
| Orc Burrow | 8 | 1280 | / | 320 |
| Barracks | 1 | 180 | / | 50 |
| Voodoo Lounge | 1 | 130 | / | 30 |
| War Mill | 1 | 205 | / | 0 |
| Great Hall | 1 | 385 | / | 185 |
| Spirit Lodge | 1 | 150 | / | 150 |
| Beastiary | 2 | 290 | / | 280 |
| Stronghold | 1 | 315 | / | 190 |
| Fortress | 1 | 325 | / | 190 |
| total: | 17 | 2910g | / | 1145w |
| 0:02 | Peon |
| 0:02 | Peon |
| 0:03 | Peon |
| 0:03 | Peon |
| 0:12 | Altar of Storms |
| 0:26 | Peon |
| 0:36 | Orc Burrow |
| 0:53 | Barracks |
| 1:04 | Peon |
| 1:16 | Peon |
| 1:37 | Peon |
| 1:47 | Orc Burrow |
| 1:55 | Grunt |
| 2:28 | War Stomp |
| 2:31 | Stronghold |
| 2:41 | Grunt |
| 2:55 | Voodoo Lounge |
| 3:16 | War Mill |
| 3:57 | Grunt |
| 4:33 | Endurance Aura |
| 4:34 | Healing Salve |
| 4:34 | Healing Salve |
| 4:47 | Spiked Barricades |
| 4:54 | Spirit Lodge |
| 4:57 | Beastiary |
| 4:59 | Beastiary |
| 5:30 | Pillage |
| 5:32 | Steel Armor |
| 5:44 | Orc Burrow |
| 6:05 | Ensnare |
| 6:10 | Troll Witch Doctor |
| 6:51 | Raider |
| 6:51 | Raider |
| 7:05 | Orc Burrow |
| 7:15 | Steel Melee Weapons |
| 8:02 | Fortress |
| 8:37 | Endurance Aura |
| 8:52 | Troll Batrider |
| 8:52 | Troll Batrider |
| 9:07 | Goblin Sapper |
| 9:30 | Troll Batrider |
| 10:15 | Orc Burrow |
| 10:52 | Liquid Fire |
| 10:57 | Scroll of Town Portal |
| 10:57 | Healing Salve |
| 11:00 | Healing Salve |
| 11:07 | Troll Witch Doctor |
| 12:16 | Goblin Sapper |
| 12:23 | Raider |
| 13:01 | Raider |
| 13:19 | Troll Batrider |
| 13:30 | Scroll of Town Portal |
| 13:57 | Troll Batrider |
| 14:30 | Troll Batrider |
| 14:30 | Troll Batrider |
| 15:18 | Goblin Sapper |
| 15:18 | Goblin Sapper |
| 16:21 | War Stomp |
| 16:23 | Troll Witch Doctor |
| 16:25 | Scroll of Town Portal |
| 16:25 | Healing Salve |
| 16:26 | Healing Salve |
| 16:36 | Thorium Melee Weapons |
| 17:04 | Witch Doctor Adept Training |
| 17:05 | Troll Batrider |
| 17:58 | Reinforced Defenses |
| 18:44 | Goblin Sapper |
| 18:45 | Goblin Sapper |
| 19:34 | Watch Tower |
| 21:02 | Orc Burrow |
| 21:57 | Orc Burrow |
| 22:23 | Endurance Aura |
| 22:49 | Orc Burrow |
| 24:02 | Great Hall |
| 25:52 | Healing Salve |
| Right click | 1610 |
| Select group | 891 |
| Select | 584 |
| Use ability | 84 |
| Build/train/purchase | 76 |
| Assign group | 19 |
| Resource trade | 11 |
| Misc. action | 4 |
| Item give/drop | 1 |
| Remove unit | 1 |
| Minimap ping | 1 |


| Healing Salve | 8 | 800 |
| Lesser Clarity Potion | 13 | 910 |
| Scroll of Speed | 2 | 100 |
| Orb of Lightning | 1 | 375 |
| Potion of Mana | 1 | 200 |
| Potion of Healing | 1 | 150 |
| Scroll of Town Portal | 3 | 1050 |
| Circlet of Nobility | 1 | 175 |
| Scroll of Regeneration | 1 | 100 |
| total: | 31 | 3860g |
| Peon | 7 | 525 | / | 0 |
| Grunt | 11 | 2200 | / | 0 |
| Raider | 11 | 1980 | / | 440 |
| Troll Batrider | 13 | 2080 | / | 520 |
| total: | 42 | 6785g | / | 960w |
| Altar of Storms | 1 | 180 | / | 50 |
| Orc Burrow | 9 | 1440 | / | 360 |
| Barracks | 1 | 180 | / | 50 |
| Voodoo Lounge | 2 | 260 | / | 60 |
| Great Hall | 5 | 1925 | / | 925 |
| War Mill | 1 | 205 | / | 0 |
| Beastiary | 1 | 145 | / | 140 |
| Stronghold | 1 | 315 | / | 190 |
| Fortress | 1 | 325 | / | 190 |
| total: | 20 | 4335g | / | 1585w |
| 0:02 | Peon |
| 0:03 | Peon |
| 0:03 | Peon |
| 0:06 | Altar of Storms |
| 0:20 | Orc Burrow |
| 0:35 | Barracks |
| 0:45 | Peon |
| 0:53 | Peon |
| 1:04 | Peon |
| 1:28 | Voodoo Lounge |
| 1:39 | Grunt |
| 1:39 | Grunt |
| 1:52 | Orc Burrow |
| 2:02 | Peon |
| 2:12 | Mirror Image |
| 2:50 | Grunt |
| 2:53 | Stronghold |
| 3:05 | Grunt |
| 3:15 | Healing Salve |
| 3:46 | Critical Strike |
| 3:51 | Orc Burrow |
| 4:02 | Lesser Clarity Potion |
| 4:03 | Healing Salve |
| 5:10 | Grunt |
| 5:26 | Beastiary |
| 5:28 | Fortress |
| 6:15 | Serpent Ward |
| 6:34 | Healing Salve |
| 6:35 | Lesser Clarity Potion |
| 6:35 | Scroll of Speed |
| 6:38 | Ensnare |
| 6:40 | Orc Burrow |
| 6:58 | Orc Burrow |
| 7:33 | Orc Burrow |
| 7:45 | Scroll of Town Portal |
| 8:03 | Raider |
| 8:23 | Circlet of Nobility |
| 8:27 | Mirror Image |
| 8:30 | Berserker Strength |
| 8:48 | Raider |
| 9:07 | Grunt |
| 10:02 | Grunt |
| 10:25 | Raider |
| 10:54 | Raider |
| 10:54 | Raider |
| 11:19 | Voodoo Lounge |
| 11:52 | Raider |
| 11:55 | Orc Burrow |
| 12:37 | Grunt |
| 12:38 | Raider |
| 12:42 | Hex |
| 12:57 | Orc Burrow |
| 13:10 | Healing Salve |
| 13:10 | Lesser Clarity Potion |
| 13:16 | Lesser Clarity Potion |
| 13:22 | Orb of Lightning |
| 13:41 | Raider |
| 14:10 | Great Hall |
| 14:32 | Troll Batrider |
| 14:32 | Troll Batrider |
| 14:32 | Troll Batrider |
| 14:48 | Lesser Clarity Potion |
| 14:48 | Lesser Clarity Potion |
| 15:21 | Grunt |
| 15:21 | Raider |
| 15:23 | Critical Strike |
| 15:36 | Raider |
| 15:38 | Serpent Ward |
| 15:45 | Healing Salve |
| 15:45 | Lesser Clarity Potion |
| 16:16 | Troll Batrider |
| 16:36 | Grunt |
| 16:37 | Raider |
| 16:38 | Troll Batrider |
| 16:43 | War Mill |
| 17:58 | Healing Salve |
| 17:58 | Lesser Clarity Potion |
| 17:58 | Lesser Clarity Potion |
| 18:06 | Mirror Image |
| 18:08 | Scroll of Town Portal |
| 18:08 | Healing Salve |
| 18:12 | Troll Batrider |
| 18:15 | Hex |
| 18:31 | Grunt |
| 18:56 | Potion of Mana |
| 18:57 | Potion of Healing |
| 19:57 | Lesser Clarity Potion |
| 20:11 | Troll Batrider |
| 20:30 | Great Hall |
| 20:45 | Great Hall |
| 21:28 | Lesser Clarity Potion |
| 22:07 | Serpent Ward |
| 22:11 | Lesser Clarity Potion |
| 22:20 | Scroll of Regeneration |
| 22:20 | Lesser Clarity Potion |
| 24:17 | Troll Batrider |
| 24:17 | Troll Batrider |
| 24:17 | Troll Batrider |
| 24:38 | Healing Salve |
| 24:39 | Scroll of Speed |
| 24:40 | Scroll of Town Portal |
| 24:51 | Troll Batrider |
| 25:38 | Troll Batrider |
| 26:17 | Troll Batrider |
| 27:12 | Orc Burrow |
| 27:23 | Great Hall |
| 28:02 | Great Hall |
| Right click | 2063 |
| Select group | 834 |
| Select | 484 |
| Build/train/purchase | 167 |
| Use ability | 152 |
| Assign group | 38 |
| Misc. action | 9 |
| Item give/drop | 4 |
| Esc | 4 |
| Minimap ping | 3 |


| Lesser Clarity Potion | 7 | 490 |
| Scroll of Regeneration | 1 | 100 |
| Potion of Mana | 1 | 200 |
| Scroll of Town Portal | 2 | 700 |
| Healing Salve | 4 | 400 |
| total: | 15 | 1890g |
| Peasant | 20 | 1500 | / | 0 |
| Footman | 7 | 945 | / | 0 |
| Priest | 5 | 675 | / | 50 |
| Mortar Team | 18 | 3240 | / | 1260 |
| Spell Breaker | 13 | 2795 | / | 390 |
| Flying Machine | 7 | 700 | / | 210 |
| Knight | 10 | 2450 | / | 600 |
| total: | 80 | 12305g | / | 2510w |
| Scout Tower | 2 | 60 | / | 40 |
| Arcane Tower | 1 | 70 | / | 50 |
| Lumber Mill | 2 | 240 | / | 0 |
| Altar of Kings | 1 | 180 | / | 50 |
| Farm | 10 | 800 | / | 200 |
| Barracks | 1 | 160 | / | 60 |
| Blacksmith | 1 | 140 | / | 60 |
| Arcane Vault | 1 | 130 | / | 30 |
| Town Hall | 1 | 385 | / | 205 |
| Workshop | 1 | 140 | / | 140 |
| Arcane Sanctum | 1 | 150 | / | 140 |
| Keep | 2 | 640 | / | 420 |
| Castle | 2 | 720 | / | 420 |
| total: | 21 | 2385g | / | 925w |
| 0:05 | Peasant |
| 0:05 | Peasant |
| 0:05 | Peasant |
| 0:05 | Peasant |
| 0:05 | Peasant |
| 0:05 | Peasant |
| 0:05 | Peasant |
| 0:35 | Lumber Mill |
| 0:51 | Altar of Kings |
| 1:04 | Peasant |
| 1:04 | Peasant |
| 1:07 | Farm |
| 1:21 | Barracks |
| 1:34 | Peasant |
| 1:34 | Peasant |
| 1:40 | Farm |
| 1:47 | Improved Lumber Harvesting |
| 1:56 | Peasant |
| 1:56 | Peasant |
| 2:10 | Farm |
| 2:12 | Farm |
| 2:26 | Footman |
| 2:26 | Footman |
| 2:35 | Footman |
| 2:53 | Summon Water Elemental |
| 3:03 | Keep |
| 3:20 | Footman |
| 3:26 | Blacksmith |
| 3:42 | Footman |
| 3:54 | Footman |
| 4:07 | Defend |
| 4:29 | Brilliance Aura |
| 5:07 | Arcane Vault |
| 5:16 | Black Gunpowder |
| 5:17 | Iron Plating |
| 5:26 | Workshop |
| 5:32 | Scout Tower |
| 5:35 | Scout Tower |
| 5:40 | Arcane Sanctum |
| 6:26 | Footman |
| 6:49 | Summon Water Elemental |
| 6:56 | Priest |
| 6:57 | Priest |
| 6:58 | Mortar Team |
| 6:58 | Mortar Team |
| 6:58 | Mortar Team |
| 6:58 | Mortar Team |
| 7:22 | Healing Salve |
| 7:22 | Healing Salve |
| 7:49 | Farm |
| 7:51 | Arcane Tower |
| 7:53 | Farm |
| 7:54 | Farm |
| 7:55 | Farm |
| 9:08 | Mortar Team |
| 9:44 | Advanced Lumber Harvesting |
| 9:52 | Town Hall |
| 10:08 | Spell Breaker |
| 10:08 | Spell Breaker |
| 10:13 | Priest |
| 10:23 | Brilliance Aura |
| 11:37 | Spell Breaker |
| 11:37 | Spell Breaker |
| 11:37 | Spell Breaker |
| 11:43 | Mortar Team |
| 12:44 | Mortar Team |
| 12:45 | Mortar Team |
| 12:47 | Spell Breaker |
| 12:47 | Spell Breaker |
| 13:05 | Castle |
| 13:15 | Lesser Clarity Potion |
| 13:18 | Scroll of Regeneration |
| 13:23 | Summon Water Elemental |
| 13:33 | Spell Breaker |
| 13:33 | Spell Breaker |
| 13:33 | Spell Breaker |
| 13:34 | Mortar Team |
| 13:46 | Refined Gunpowder |
| 13:53 | Peasant |
| 13:53 | Peasant |
| 13:53 | Peasant |
| 13:53 | Peasant |
| 13:53 | Peasant |
| 13:53 | Peasant |
| 13:54 | Peasant |
| 14:00 | Farm |
| 14:35 | Lumber Mill |
| 14:59 | Flying Machine |
| 14:59 | Flying Machine |
| 14:59 | Flying Machine |
| 15:00 | Flying Machine |
| 15:00 | Flying Machine |
| 15:55 | Animal War Training |
| 15:55 | Knight |
| 15:55 | Knight |
| 15:55 | Knight |
| 16:25 | Flying Machine |
| 16:25 | Flying Machine |
| 16:26 | Flak Cannons |
| 17:08 | Mass Teleport |
| 17:08 | Mass Teleport |
| 17:56 | Fragmentation Shards |
| 17:57 | Mortar Team |
| 17:57 | Mortar Team |
| 17:58 | Knight |
| 17:59 | Knight |
| 17:59 | Knight |
| 18:21 | Holy Light |
| 18:30 | Scroll of Town Portal |
| 19:34 | Spell Breaker |
| 19:34 | Spell Breaker |
| 19:34 | Spell Breaker |
| 19:35 | Mortar Team |
| 19:35 | Mortar Team |
| 19:35 | Mortar Team |
| 19:51 | Scroll of Town Portal |
| 19:56 | Lesser Clarity Potion |
| 20:07 | Priest |
| 20:08 | Priest |
| 20:16 | Knight |
| 20:16 | Knight |
| 20:37 | Knight |
| 20:37 | Knight |
| 22:42 | Farm |
| 23:21 | Mortar Team |
| 23:21 | Mortar Team |
| 23:21 | Mortar Team |
| 23:21 | Mortar Team |
| 24:13 | Lesser Clarity Potion |
| 24:32 | Lesser Clarity Potion |
| 24:36 | Healing Salve |
| 24:39 | Potion of Mana |
| 24:44 | Lesser Clarity Potion |
| 24:44 | Lesser Clarity Potion |
| 26:47 | Divine Shield |
| 29:04 | Healing Salve |
| 29:04 | Lesser Clarity Potion |
| Right click | 815 |
| Select | 667 |
| Select group | 522 |
| Misc. action | 260 |
| Build/train/purchase | 219 |
| Use ability | 27 |
| Assign group | 6 |
| Item give/drop | 4 |
| Minimap ping | 3 |
120 units @ 19k
/ 3.1k
103 buildings @ 15.4k
/ 6.7k

| Healing Salve | 1 | 100 |
| Potion of Mana | 1 | 200 |
| total: | 2 | 300g |
| Peon | 8 | 600 | / | 0 |
| Troll Headhunter | 6 | 840 | / | 120 |
| Demolisher | 4 | 880 | / | 200 |
| Wind Rider | 4 | 1060 | / | 160 |
| total: | 22 | 3380g | / | 480w |
| Orc Burrow | 5 | 800 | / | 200 |
| Altar of Storms | 2 | 360 | / | 100 |
| War Mill | 1 | 205 | / | 0 |
| Barracks | 1 | 180 | / | 50 |
| Voodoo Lounge | 1 | 130 | / | 30 |
| Beastiary | 3 | 435 | / | 420 |
| Stronghold | 1 | 315 | / | 190 |
| Fortress | 1 | 325 | / | 190 |
| total: | 13 | 2110g | / | 800w |
| 0:09 | Peon |
| 0:14 | Peon |
| 0:22 | Orc Burrow |
| 0:30 | Altar of Storms |
| 0:32 | Peon |
| 0:41 | Peon |
| 0:48 | Peon |
| 1:02 | War Mill |
| 1:08 | Peon |
| 1:37 | Barracks |
| 1:48 | Peon |
| 1:48 | Peon |
| 2:03 | Orc Burrow |
| 2:18 | Steel Ranged Weapons |
| 2:42 | Troll Headhunter |
| 2:42 | Troll Headhunter |
| 2:54 | Spiked Barricades |
| 3:00 | Troll Headhunter |
| 3:17 | Stronghold |
| 3:33 | Feral Spirit |
| 3:37 | Steel Armor |
| 3:46 | Troll Headhunter |
| 4:28 | Troll Headhunter |
| 4:28 | Troll Headhunter |
| 4:31 | Chain Lighting |
| 4:38 | Voodoo Lounge |
| 6:05 | Orc Burrow |
| 6:07 | Orc Burrow |
| 6:10 | Orc Burrow |
| 6:11 | Fortress |
| 6:55 | Thorium Ranged Weapons |
| 6:57 | Demolisher |
| 6:57 | Demolisher |
| 8:17 | Healing Salve |
| 8:18 | Potion of Mana |
| 8:32 | Burning Oil |
| 11:14 | Demolisher |
| 11:14 | Demolisher |
| 11:22 | Beastiary |
| 11:24 | Beastiary |
| 11:27 | Beastiary |
| 12:20 | Feral Spirit |
| 12:42 | Wind Rider |
| 12:42 | Wind Rider |
| 13:14 | Wind Rider |
| 13:15 | Envenomed Spears |
| 13:50 | Wind Rider |
| 14:03 | Altar of Storms |
| 14:38 | Arcanite Ranged Weapons |
| Right click | 379 |
| Select | 196 |
| Build/train/purchase | 46 |
| Use ability | 10 |
| Assign group | 5 |
| Remove unit | 1 |
| Minimap ping | 1 |


| Rod of Necromancy | 2 | 300 |
| Lesser Clarity Potion | 2 | 140 |
| Potion of Healing | 1 | 150 |
| Scroll of Town Portal | 1 | 350 |
| Scroll of Healing | 2 | 500 |
| Potion of Lesser Invulnerability | 1 | 150 |
| Healing Salve | 1 | 100 |
| total: | 10 | 1690g |
| Acolyte | 6 | 450 | / | 0 |
| Ghoul | 2 | 240 | / | 0 |
| Crypt Fiend | 16 | 3440 | / | 640 |
| Meat Wagon | 3 | 690 | / | 150 |
| Obsidian Statue | 2 | 400 | / | 70 |
| total: | 29 | 5220g | / | 860w |
| Spirit Tower | 6 | 870 | / | 240 |
| Crypt | 2 | 400 | / | 100 |
| Graveyard | 1 | 215 | / | 0 |
| Altar of Darkness | 1 | 180 | / | 50 |
| Ziggurat | 10 | 1500 | / | 500 |
| Tomb of Relics | 1 | 130 | / | 30 |
| Necropolis | 2 | 450 | / | 0 |
| Slaughterhouse | 3 | 420 | / | 405 |
| Halls of the Dead | 1 | 320 | / | 210 |
| Black Citadel | 1 | 325 | / | 230 |
| total: | 20 | 3295g | / | 1085w |
| 0:03 | Acolyte |
| 0:03 | Acolyte |
| 0:04 | Crypt |
| 0:25 | Graveyard |
| 0:47 | Altar of Darkness |
| 0:57 | Ziggurat |
| 1:19 | Ghoul |
| 1:20 | Ghoul |
| 1:40 | Tomb of Relics |
| 1:54 | Ziggurat |
| 2:32 | Crypt Fiend |
| 2:46 | Rod of Necromancy |
| 2:48 | Death Coil |
| 2:56 | Crypt Fiend |
| 3:14 | Crypt Fiend |
| 3:24 | Acolyte |
| 3:50 | Halls of the Dead |
| 4:21 | Unholy Aura |
| 4:49 | Necropolis |
| 4:50 | Crypt Fiend |
| 5:35 | Creature Attack |
| 5:36 | Rod of Necromancy |
| 5:58 | Lesser Clarity Potion |
| 5:58 | Lesser Clarity Potion |
| 6:39 | Healing Salve |
| 6:48 | Slaughterhouse |
| 6:50 | Slaughterhouse |
| 6:55 | Acolyte |
| 6:55 | Acolyte |
| 6:58 | Ziggurat |
| 7:25 | Frost Nova |
| 7:45 | Acolyte |
| 7:46 | Ziggurat |
| 8:06 | Crypt Fiend |
| 8:07 | Meat Wagon |
| 8:18 | Spirit Tower |
| 8:26 | Improved Creature Attack |
| 8:27 | Crypt Fiend |
| 8:37 | Ziggurat |
| 8:39 | Spirit Tower |
| 9:07 | Death Coil |
| 9:30 | Spirit Tower |
| 10:11 | Meat Wagon |
| 10:35 | Obsidian Statue |
| 10:45 | Crypt Fiend |
| 11:16 | Obsidian Statue |
| 11:19 | Slaughterhouse |
| 11:37 | Spirit Tower |
| 11:39 | Ziggurat |
| 12:24 | Frost Armor |
| 12:30 | Crypt Fiend |
| 12:42 | Crypt Fiend |
| 12:45 | Meat Wagon |
| 13:23 | Crypt Fiend |
| 13:41 | Crypt Fiend |
| 13:48 | Crypt Fiend |
| 13:53 | Crypt |
| 14:25 | Burrow |
| 14:28 | Scroll of Town Portal |
| 14:29 | Potion of Healing |
| 14:37 | Frost Nova |
| 15:14 | Web |
| 15:25 | Death Pact |
| 15:45 | Crypt Fiend |
| 15:53 | Frost Armor |
| 16:44 | Ziggurat |
| 16:47 | Ziggurat |
| 16:54 | Creature Carapace |
| 18:01 | Crypt Fiend |
| 18:10 | Death Coil |
| 18:14 | Potion of Lesser Invulnerability |
| 18:15 | Scroll of Healing |
| 18:15 | Scroll of Healing |
| 19:00 | Crypt Fiend |
| 19:01 | Crypt Fiend |
| 19:04 | Black Citadel |
| 19:37 | Spirit Tower |
| 20:02 | Frost Nova |
| 21:26 | Unholy Aura |
| 22:36 | Frost Armor |
| 23:16 | Necropolis |
| 26:12 | Unholy Aura |
| 27:41 | Ziggurat |
| 28:09 | Ziggurat |
| Right click | 1556 |
| Select group | 1303 |
| Select | 515 |
| Misc. action | 188 |
| Build/train/purchase | 101 |
| Use ability | 69 |
| Assign group | 51 |
| Chat | 49 |
| Minimap ping | 8 |
| Item give/drop | 2 |
| Esc | 2 |

| Healing Salve | 3 | 300 |
| Tiny Great Hall | 3 | 1800 |
| Potion of Healing | 2 | 300 |
| Potion of Mana | 3 | 600 |
| Scroll of Speed | 1 | 50 |
| Orb of Lightning | 1 | 375 |
| Lesser Clarity Potion | 1 | 70 |
| Scroll of Town Portal | 4 | 1400 |
| Scroll of Healing | 1 | 250 |
| Staff of Teleportation | 1 | 150 |
| Orb of Corruption | 1 | 375 |
| total: | 21 | 5670g |
| Peon | 15 | 1125 | / | 0 |
| Troll Headhunter | 6 | 840 | / | 120 |
| Tauren | 7 | 1960 | / | 560 |
| Troll Batrider | 11 | 1760 | / | 440 |
| Spirit Walker | 1 | 195 | / | 35 |
| Goblin Shredder | 1 | 375 | / | 100 |
| total: | 41 | 6255g | / | 1255w |
| Watch Tower | 25 | 2750 | / | 2000 |
| War Mill | 3 | 615 | / | 0 |
| Altar of Storms | 1 | 180 | / | 50 |
| Orc Burrow | 10 | 1600 | / | 400 |
| Barracks | 1 | 180 | / | 50 |
| Voodoo Lounge | 3 | 390 | / | 90 |
| Tauren Totem | 3 | 405 | / | 465 |
| Beastiary | 5 | 725 | / | 700 |
| Stronghold | 1 | 315 | / | 190 |
| Fortress | 1 | 325 | / | 190 |
| total: | 51 | 6845g | / | 3755w |
| 0:03 | Peon |
| 0:03 | Peon |
| 0:03 | Peon |
| 0:17 | War Mill |
| 0:22 | War Mill |
| 0:38 | Altar of Storms |
| 0:40 | Peon |
| 0:48 | Orc Burrow |
| 0:56 | Peon |
| 1:06 | Peon |
| 1:24 | Barracks |
| 1:27 | Peon |
| 1:46 | Peon |
| 1:51 | Orc Burrow |
| 2:03 | Voodoo Lounge |
| 2:13 | Peon |
| 2:26 | Troll Headhunter |
| 2:47 | Troll Headhunter |
| 2:55 | War Stomp |
| 3:08 | Stronghold |
| 3:29 | Troll Headhunter |
| 3:43 | Orc Burrow |
| 3:52 | Orc Burrow |
| 4:08 | Healing Salve |
| 4:14 | Healing Salve |
| 4:19 | Troll Headhunter |
| 4:34 | Troll Headhunter |
| 5:22 | Endurance Aura |
| 5:47 | Reinforced Defenses |
| 5:48 | Fortress |
| 5:50 | Goblin Shredder |
| 6:14 | Troll Headhunter |
| 6:35 | Tauren Totem |
| 6:49 | Tauren Totem |
| 7:10 | Scroll of Town Portal |
| 7:12 | Scroll of Town Portal |
| 7:55 | Orc Burrow |
| 7:56 | Orc Burrow |
| 8:18 | Tiny Great Hall |
| 8:24 | Spiked Barricades |
| 8:51 | War Stomp |
| 9:47 | Tauren |
| 9:49 | Tauren Totem |
| 10:00 | Beastiary |
| 10:16 | Pulverize |
| 10:28 | Watch Tower |
| 10:29 | Watch Tower |
| 10:56 | Watch Tower |
| 10:57 | Watch Tower |
| 10:59 | Watch Tower |
| 11:00 | Watch Tower |
| 11:02 | Watch Tower |
| 11:15 | Tauren |
| 11:17 | Beastiary |
| 11:46 | Scroll of Town Portal |
| 12:02 | Staff of Teleportation |
| 12:24 | Troll Batrider |
| 13:16 | Peon |
| 13:25 | Peon |
| 13:36 | War Mill |
| 13:44 | Voodoo Lounge |
| 13:47 | Peon |
| 13:48 | Peon |
| 13:59 | Orc Burrow |
| 14:05 | Endurance Aura |
| 14:49 | Watch Tower |
| 14:51 | Watch Tower |
| 14:52 | Watch Tower |
| 14:53 | Watch Tower |
| 15:11 | Watch Tower |
| 15:12 | Watch Tower |
| 15:18 | Watch Tower |
| 16:05 | War Stomp |
| 16:32 | Beastiary |
| 16:35 | Beastiary |
| 16:38 | Tauren |
| 16:41 | Troll Batrider |
| 16:41 | Troll Batrider |
| 16:43 | Tauren |
| 16:53 | Orb of Corruption |
| 16:56 | Scroll of Town Portal |
| 17:17 | Potion of Healing |
| 17:17 | Scroll of Healing |
| 17:28 | Potion of Mana |
| 17:28 | Potion of Mana |
| 18:09 | Troll Batrider |
| 18:18 | Orc Burrow |
| 18:20 | Orc Burrow |
| 18:23 | Orc Burrow |
| 18:53 | Reincarnation |
| 19:43 | Troll Batrider |
| 20:37 | Troll Batrider |
| 20:37 | Troll Batrider |
| 20:53 | Tauren |
| 20:56 | Improved Spiked Barricades |
| 21:32 | Endurance Aura |
| 21:46 | Troll Batrider |
| 21:46 | Troll Batrider |
| 22:26 | Beastiary |
| 23:00 | Potion of Healing |
| 23:03 | Potion of Mana |
| 23:03 | Scroll of Speed |
| 23:19 | Orb of Lightning |
| 23:19 | Lesser Clarity Potion |
| 23:21 | Healing Salve |
| 23:28 | Tiny Great Hall |
| 24:21 | Watch Tower |
| 24:22 | Watch Tower |
| 24:24 | Watch Tower |
| 24:25 | Watch Tower |
| 24:27 | Watch Tower |
| 24:28 | Watch Tower |
| 25:12 | Tauren |
| 25:15 | Troll Batrider |
| 25:15 | Troll Batrider |
| 25:31 | Watch Tower |
| 25:34 | Voodoo Lounge |
| 26:12 | Watch Tower |
| 26:28 | Liquid Fire |
| 26:30 | Tauren |
| 27:21 | Watch Tower |
| 27:22 | Watch Tower |
| 27:23 | Watch Tower |
| 27:26 | Tiny Great Hall |
| 27:43 | Spirit Walker Adept Training |
| 27:44 | Spirit Walker |
| 28:27 | Shockwave |
| 29:08 | Peon |
| 29:08 | Peon |
| Right click | 1560 |
| Select | 657 |
| Build/train/purchase | 116 |
| Use ability | 87 |
| Misc. action | 57 |
| Chat | 49 |
| Remove unit | 6 |
| Item give/drop | 5 |
| Minimap ping | 5 |
| Assign group | 2 |



| Rod of Necromancy | 1 | 150 |
| Orb of Corruption | 1 | 375 |
| Scroll of Town Portal | 1 | 350 |
| Staff of Teleportation | 1 | 150 |
| total: | 4 | 1025g |
| Acolyte | 3 | 225 | / | 0 |
| Ghoul | 16 | 1920 | / | 0 |
| Obsidian Statue | 4 | 800 | / | 140 |
| Abomination | 4 | 960 | / | 280 |
| Crypt Fiend | 1 | 215 | / | 40 |
| total: | 28 | 4120g | / | 460w |
| Nerubian Tower | 1 | 100 | / | 20 |
| Spirit Tower | 1 | 145 | / | 40 |
| Altar of Darkness | 2 | 360 | / | 100 |
| Crypt | 1 | 200 | / | 50 |
| Ziggurat | 9 | 1350 | / | 450 |
| Tomb of Relics | 1 | 130 | / | 30 |
| Graveyard | 1 | 215 | / | 0 |
| Necropolis | 2 | 450 | / | 0 |
| Slaughterhouse | 3 | 420 | / | 405 |
| Halls of the Dead | 1 | 320 | / | 210 |
| Black Citadel | 1 | 325 | / | 230 |
| total: | 19 | 3125g | / | 1035w |
| 0:08 | Acolyte |
| 0:09 | Acolyte |
| 0:19 | Altar of Darkness |
| 0:21 | Crypt |
| 0:38 | Ziggurat |
| 0:40 | Ziggurat |
| 1:01 | Tomb of Relics |
| 1:08 | Ziggurat |
| 1:22 | Ghoul |
| 1:32 | Ghoul |
| 1:47 | Ghoul |
| 1:59 | Ghoul |
| 2:21 | Ghoul |
| 2:29 | Rod of Necromancy |
| 2:31 | Frost Nova |
| 3:17 | Ghoul |
| 3:18 | Halls of the Dead |
| 3:24 | Dark Ritual |
| 3:28 | Ghoul |
| 3:46 | Graveyard |
| 3:55 | Ghoul |
| 4:19 | Ziggurat |
| 5:03 | Ghoul |
| 5:41 | Black Citadel |
| 5:43 | Slaughterhouse |
| 5:58 | Nerubian Tower |
| 5:59 | Spirit Tower |
| 6:27 | Slaughterhouse |
| 6:29 | Slaughterhouse |
| 6:38 | Carrion Swarm |
| 7:33 | Obsidian Statue |
| 7:36 | Ziggurat |
| 7:38 | Obsidian Statue |
| 8:05 | Destroyer Form |
| 8:18 | Abomination |
| 8:39 | Ghoul Frenzy |
| 9:02 | Abomination |
| 9:31 | Disease Cloud |
| 11:09 | Death Coil |
| 11:17 | Ghoul |
| 11:17 | Ghoul |
| 11:18 | Ghoul |
| 11:52 | Ghoul |
| 12:28 | Sleep |
| 12:32 | Frost Nova |
| 12:55 | Unholy Aura |
| 13:25 | Ghoul |
| 13:26 | Abomination |
| 13:44 | Ziggurat |
| 13:55 | Acolyte |
| 14:19 | Scroll of Town Portal |
| 14:21 | Staff of Teleportation |
| 14:28 | Necropolis |
| 14:41 | Orb of Corruption |
| 15:39 | Obsidian Statue |
| 16:04 | Ghoul |
| 16:04 | Ghoul |
| 16:27 | Abomination |
| 17:53 | Web |
| 17:53 | Crypt Fiend |
| 18:11 | Obsidian Statue |
| 18:57 | Frost Armor |
| 19:48 | Carrion Swarm |
| 20:08 | Necropolis |
| 20:31 | Frost Nova |
| 21:33 | Sleep |
| 21:52 | Altar of Darkness |
| 21:54 | Ziggurat |
| 22:56 | Death and Decay |
| 23:49 | Ziggurat |
| 26:32 | Ziggurat |
| 28:27 | Carrion Swarm |
| Right click | 760 |
| Select group | 604 |
| Select | 377 |
| Misc. action | 253 |
| Use ability | 97 |
| Build/train/purchase | 86 |
| Chat | 48 |
| Assign group | 33 |
| Esc | 5 |
| Minimap ping | 3 |
⇛